 Dungeon Crawl Stone Soup version 0.20.0-15-g7f486f2 (webtiles) character file.

3525 dvd the Grappler (level 9, 0/81 HPs)
             Began as a Troll Transmuter on June 11, 2017.
             Was a Believer of Qazlal.
             Slain by Snorg (4 damage)
             ... on level 9 of the Dungeon.
             The game lasted 00:18:37 (6851 turns).

dvd the Grappler (Troll Transmuter)                 Turns: 6851, Time: 00:18:38

Health: 0/81       AC:  6    Str: 26    XL:     9   Next: 82%
Magic:  13/14      EV: 12    Int: 12    God:    Qazlal [**....]
Gold:   66         SH:  2    Dex: 17    Spells: 14/15 levels left

rFire    x . .     SeeInvis .     - Unarmed
rCold    + . .     Gourm    +   (no shield)
rNeg     . . .     Faith    .   N - +1 robe {rC+}
rPois    +         Spirit   .   (helmet restricted)
rElec    .         Reflect  .   (no cloak)
rCorr    .         Harm     .   (gloves unavailable)
MR       ++...                  (boots unavailable)
Stlth    ++........             (no amulet)
Regen    0.7/turn               G - ring "Banybog" {rPois rF- Str+6 Dex+5}
MPRegen  0.2/turn               w - ring of protection from magic

@: appendage
A: unfitting armour, claws 3, talons 3, agile 1, fast metabolism 3, gourmand,
high mp 1, magic resistance 1, sense surroundings 1, regeneration 1, shaggy fur
1, tough skin 2
a: End Transformation, Upheaval, Renounce Religion


You were on level 9 of the Dungeon.
You worshipped Qazlal.
Qazlal was pleased with you.
You were not hungry.
You had grown temporary talons.
You visited 2 branches of the dungeon, and saw 11 of its levels.

You collected 201 gold pieces.
You spent 135 gold pieces at shops.

Inventory:

Missiles
 a - 26 arrows
 b - 3 tomahawks (quivered)
Armour
 N - a +1 robe of cold resistance (worn)
Jewellery
 s - a +1 ring of protection
 w - a ring of protection from magic (right claw)
 G - the ring "Banybog" (left claw) {rPois rF- Str+6 Dex+5}
   (You bought it in a shop on level 7 of the Dungeon)

   [ring of poison resistance]

   It affects your strength (+6).
   It affects your dexterity (+5).
   It makes you vulnerable to fire.
   It protects you from poison.
Wands
 k - a wand of lightning (10/15)
 q - a wand of random effects (17/48)
 r - a wand of confusion (20/48)
 x - a wand of enslavement (13/24)
 D - a wand of disintegration (15/24)
 E - a wand of iceblast (7/15)
 H - a wand of polymorph (11/24)
 I - a wand of flame (10/48)
 L - a wand of flame (35/48)
Scrolls
 g - 7 scrolls of identify {unknown}
 h - 3 scrolls of amnesia {unknown}
 i - 9 scrolls of remove curse {unknown}
 j - a scroll of teleportation {unknown}
 o - a scroll of fog {unknown}
 y - a scroll of magic mapping {unknown}
 J - a scroll of random uselessness {unknown}
 K - a scroll of recharging {unknown}
 M - a scroll of enchant armour {unknown}
Potions
 e - 2 potions of cancellation {unknown}
 f - 5 potions of degeneration {unknown}
 l - 6 potions of curing {unknown}
 m - a potion of mutation {unknown}
 p - a potion of invisibility {unknown}
 z - a potion of resistance {unknown}
 A - a potion of might {unknown}
 B - a potion of ambrosia {unknown}
 C - a potion of berserk rage {unknown}
 F - a potion of haste {unknown}
Books
 c - a book of Changes

   Spells                             Type                      Level
   a - Beastly Appendage              Transmutation                1
   b - Sticks to Snakes               Transmutation                2
   c - Spider Form                    Transmutation/Poison         3
   d - Ice Form                       Ice/Transmutation            4
   e - Blade Hands                    Transmutation                5
 u - a book of Flames

   Spells                             Type                      Level
   a - Flame Tongue                   Conjuration/Fire             1
   b - Throw Flame                    Conjuration/Fire             2
   c - Conjure Flame                  Conjuration/Fire             3
   d - Inner Flame                    Hexes/Fire                   3
   e - Sticky Flame                   Conjuration/Fire             4
   f - Fireball                       Conjuration/Fire             5
Comestibles
 d - 9 bread rations
 n - 2 meat rations
 t - 35 fruits
 v - 2 royal jellies


   Skills:
 + Level 3.0 Fighting
 + Level 4.4 Dodging
 + Level 1.3 Stealth
 + Level 9.3 Unarmed Combat
 + Level 3.6 Spellcasting
 * Level 5.2 Transmutations


You had 14 spell levels left.
You knew the following spells:

 Your Spells              Type           Power        Failure   Level  Hunger
a - Beastly Appendage     Tmut           ##....       2%          1    #......


Dungeon Overview and Level Annotations

Branches:
Dungeon (10/15)            Temple (1/1) D:6
   Lair: D:8-11         Orc: D:9-12

Altars:
Ashenzari
Cheibriados
Dithmenos
Elyvilon
Fedhas
Gozag
Hepliaklqana
Kikubaaqudgha
Makhleb
Nemelex Xobeh
Okawaru
Qazlal
Ru
Sif Muna
Trog
Vehumet
Xom
Yredelemnul
Zin
The Shining One

Shops:
D:4 :   D:7 **%=

Annotations:
D:9 Maurice, Snorg


Innate Abilities, Weirdness & Mutations

You are too large for most types of armour.
You have claws for hands.
Your metabolism is lightning-fast.
You like to eat raw meat.
Your natural rate of healing is unusually fast.
You are covered in fur. (AC +1)
You have very tough skin. (AC +2)
You have claws for feet.
You are agile. (Dex +2)
You have an increased reservoir of magic. (+10% MP)
You are resistant to hostile enchantments. (MR+)
You passively map a small area around you.


Message History

Casting: Beastly Appendage
Confirm with . or Enter, or press ? or * to list all spells.
You extend your transformation's duration.
Snorg is struck by lightning.
Snorg bites you!! Snorg claws you! Snorg completely misses you.
Snorg bites you. Snorg claws you. Snorg closely misses you.
You mangle Snorg!! Your kick misses Snorg.
Snorg is severely wounded.
Snorg bites you. You block Snorg's attack. Snorg barely misses you.
You barely miss Snorg. Your kick misses Snorg.
Snorg is severely wounded.
Snorg closely misses you. Snorg claws you!!
* * * LOW HITPOINT WARNING * * *
Snorg closely misses you.
You claw Snorg! You claw Snorg.
Snorg is severely wounded.
Snorg bites you!
* * * LOW HITPOINT WARNING * * *
Snorg claws you.
You die...

.##########......................
<##.........#####.####.#.#####.#.
.##.######### ###.####.#.#####.#.
.##.# #.................. .##.#
#.#.##.#.#...##..## .##.#
#.#.##.#.#...###.## .##.#
#.#.##.#........... .##.#
#..T.#.#.....###.## ....#
#.@#.........##.### #.###
#[ยง.######.....#### #)######
#.###....##.###....
#[##...########.##......#####.###
[....#..........#........###...##
#.##...########.'...8....'...#..#
#.###### #.'....8...'..###.. #.#
###........##..#..# ..#
##......####.....


You could see Snorg (berserk).

Vanquished Creatures
  The ghost of Vajrapani the Martial Artist, a novice OpFi (D:8)
  A hippogriff (D:9)
  A water moccasin (D:8)
  Duvessa (D:7)
  A black bear (D:8)
  An eye of draining (D:8)
  A sky beast (D:8)
  3 ogres
  A phantom (D:8)
  2 centaurs
  3 big kobolds
  A bullfrog (D:8)
  Dowan (D:7)
  3 scorpions
  5 wights (D:9)
  2 crimson imps
  2 centaur zombies
  A quasit (D:8)
  2 jellies
  3 orc priests
  A hound (D:8)
  7 orc wizards
  2 bullfrog skeletons
  2 centaur skeletons
  Terence (D:3)
  3 worker ants
  A worker ant zombie (D:9)
  A gnoll (D:1)
  2 adders
  A shadow imp (D:5)
  4 oozes (D:1)
  An adder zombie (D:6)
  A worm (D:2)
  A dart slug (D:1)
  2 leopard geckos
  18 orcs
  7 bats
  2 giant cockroaches
  3 goblins
  7 hobgoblins
  2 jackals (D:1)
  5 quokkas
  A ball python (D:1)
  2 frilled lizards (D:4)
  A giant cockroach zombie (D:6)
  A jackal skeleton (D:6)
  11 kobolds
  2 quokka skeletons
  5 rats
  A spectral orc (D:6)
134 creatures vanquished.

Notes
Turn   | Place    | Note
-------+----------+-------------------------------------------
     0 | D:1      | dvd the Troll Transmuter began the quest for the Orb.
     0 | D:1      | Reached XP level 1. HP: 18/18 MP: 1/1
   149 | D:1      | Reached XP level 2. HP: 26/26 MP: 0/2
   214 | D:1      | Reached XP level 3. HP: 26/32 MP: 1/4
   942 | D:2      | Reached skill level 4 in Unarmed Combat
   973 | D:2      | Found a radiant altar of Vehumet.
  1332 | D:3      | Reached XP level 4. HP: 40/40 MP: 3/5
  1368 | D:3      | Noticed Terence
  1376 | D:3      | Killed Terence
  1802 | D:3      | Noticed a big kobold
  1805 | D:3      | Noticed a big kobold
  1826 | D:3      | Reached XP level 5. HP: 37/46 MP: 6/6
  1832 | D:3      | Reached skill level 1 in Fighting
  1850 | D:3      | Reached skill level 5 in Unarmed Combat
  1850 | D:3      | Reached XP level 6. HP: 27/55 MP: 5/8
  2480 | D:4      | Reached XP level 7. HP: 26/62 MP: 9/9
  2623 | D:4      | Found Xureph's Book Shoppe.
  2674 | D:4      | Found a glowing golden altar of the Shining One.
  2674 | D:4      | Found a shadowy altar of Dithmenos.
  2772 | D:5      | Entered Level 5 of the Dungeon
  2843 | D:5      | Reached skill level 6 in Unarmed Combat
  2858 | D:5      | Found an ancient bone altar of Kikubaaqudgha.
  3156 | D:5      | Found an opulent altar of Gozag.
  3474 | D:6      | Found a staircase to the Ecumenical Temple.
  3484 | Temple   | Entered the Ecumenical Temple
  3540 | Temple   | Became a worshipper of Qazlal Stormbringer
  4242 | D:6      | Reached XP level 8. HP: 65/71 MP: 8/11
  4332 | D:6      | Found a basalt altar of Yredelemnul.
  4555 | D:7      | Noticed Duvessa
  4558 | D:7      | Noticed Dowan
  4571 | D:7      | Killed Duvessa
  4580 | D:7      | Killed Dowan
  4580 | D:7      | Reached skill level 1 in Stealth
  4612 | D:7      | Found a shattered altar of Ashenzari.
  4622 | D:7      | Found Piv Atas's Assorted Antiques.
  4627 | D:7      | Found Gitediy's Food Boutique.
  4632 | D:7      | Bought a sparkling amber ring for 135 gold pieces
  4655 | D:7      | Identified the ring "Banybog" {rPois rF- Str+6 Dex+5} (You bought it in a shop on level 7 of the Dungeon)
  4803 | D:7      | Found a shimmering altar of Xom.
  4803 | D:7      | Found a shimmering altar of Xom.
  4803 | D:7      | Found a shimmering altar of Xom.
  4803 | D:7      | Found a shimmering altar of Xom.
  4804 | D:7      | Found a shimmering altar of Xom.
  4805 | D:7      | Found a shimmering altar of Xom.
  4874 | D:7      | Found Zutas's Jewellery Emporium.
  4983 | D:7      | Found Mirras's General Store.
  5072 | D:7      | Reached * piety under Qazlal
  5284 | D:8      | Reached skill level 7 in Unarmed Combat
  5321 | D:8      | Found a blossoming altar of Fedhas.
  5392 | D:8      | Gained mutation: You passively map a small area around you. [mutagenic meat]
  5393 | D:8      | Gained mutation: You have an increased reservoir of magic. (+10% MP) [mutagenic meat]
  5394 | D:8      | Gained mutation: You are agile. (Dex +2) [mutagenic meat]
  5395 | D:8      | Gained mutation: You are resistant to hostile enchantments. (MR+) [mutagenic meat]
  5516 | D:8      | Noticed Vajrapani's ghost (novice OpFi)
  5521 | D:8      | Killed Vajrapani's ghost
  5521 | D:8      | Reached skill level 8 in Unarmed Combat
  5521 | D:8      | Reached XP level 9. HP: 77/79 MP: 11/14
  6223 | D:9      | Reached skill level 5 in Transmutations
  6232 | D:9      | Found an iron altar of Okawaru.
  6324 | D:9      | Noticed Maurice
  6457 | D:9      | Reached skill level 9 in Unarmed Combat
  6784 | D:9      | Reached ** piety under Qazlal
  6842 | D:10     | Entered Level 10 of the Dungeon
  6842 | D:10     | Noticed Snorg
  6851 | D:9      | HP: 4/81 [Snorg (9)]
  6851 | D:9      | Slain by Snorg

Skill      XL: |  1  2  3  4  5  6  7  8  9 |
---------------+----------------------------+-----
Unarmed Combat | 4 5 6 8 9 |  9.3
Transmutations | 2 3 4 5 |  5.2
Fighting       | 1 2 3 |  3.0
Dodging        | 2 3 4 |  4.4
Spellcasting   | 2 3 |  3.6
Stealth        | 1 |  1.3

Action                   |  1- 3 |  4- 6 |  7- 9 || total
-------------------------+-------+-------+-------++-------
Melee: Unarmed           |    86 |   111 |   251 ||   448
       Kick              |     5 |     8 |    31 ||    44
       Headbutt          |     7 |     9 |    28 ||    44
       Punch             |       |     1 |    10 ||    11
 Cast: Beastly Appendage |    22 |    18 |    34 ||    74
 Stab: Sleeping          |       |       |     1 ||     1
  Eat: Chunk             |    18 |    12 |    38 ||    68
Armor: Robe              |    22 |    21 |    61 ||   104
Dodge: Dodged            |    45 |    53 |   108 ||   206
Block: Other             |       |       |     7 ||     7
